[Event "74th PGNiG TERMIKA POL-ch Women 2022"]
[Site "Kruszwica"]
[Date "2022.05.10"]
[Round "2.3"]
[White "Cyfka, Karina"]
[Black "Antolak, Julia"]
[Result "0-1"]
[ECO "E11"]
[WhiteElo "2404"]
[BlackElo "2371"]
[Annotator "TA"]
[PlyCount "76"]
[EventDate "2022.05.09"]
[EventType "tourn"]
[EventCountry "POL"]
[SourceTitle "playchess.com"]
[Source "ChessBase"]
[SourceQuality "1"]
[TimeControl "40/5400+30:1800+30"]

1. d4 Nf6 2. c4 e6 3. Nf3 Bb4+ 4. Nbd2 Be7 5. g3 {[%emt 0:06:18] [#]} c5 $146 ({Predecessor:} 5... d5 6. Bg2 O-O 7. O-O b6 8. b3 Bb7 9. Bb2 Nbd7 10. Ne5 c5 11. cxd5 exd5 12. Ndc4 Nxe5 13. dxe5 Ne8 14. Ne3 Nc7 15. Nf5 Qd7 16. e4 Qe6 17. f4 d4 18. Qg4 g6 19. Nh6+ Kg7 {0-1 (48) Cofman,V (2283)-Colbow,C (2322) Bremen 2021}) 6. Bg2 {[%emt 0:02:35] E11: Bogo-Indian.} Nc6 7. Nb3 cxd4 8. Nfxd4 {[%emt 0:04:42] White has an edge.} O-O 9. O-O Nxd4 10. Nxd4 d6 11. b3 a6 12. Bb2 Rb8 13. e4 e5 14. Nc2 b5 15. cxb5 axb5 16. Qe2 Qb6 17. h3 Ba6 (17... b4 $5 ) 18. Rfd1 Rbc8 19. Rd2 Rc7 (19... b4 $5 20. Qe3 Qb7 $11) 20. Kh2 Rfc8 (20... b4 $5 21. Qe1 Rc5 $11) 21. Ne3 b4 22. Qe1 g6 23. f4 Rc5 (23... exf4 {is interesting.} 24. Bd4 fxg3+ 25. Qxg3 Qb8) 24. Rad1 Qb7 (24... Bf8 $11) 25. fxe5 dxe5 26. Nd5 $1 Nxd5 27. exd5 Bd6 (27... f6 $2 28. d6 Qd7 29. dxe7 $18) 28. Qf2 $2 (28. Bxe5 $16 Qe7 29. Bxd6 Qxd6 30. Qf2) 28... f5 29. Re1 (29. Kh1 $17) 29... Qc7 {[%emt 0:00:24] ...e4 is the strong threat.} 30. Qe3 (30. Kh1 $17) 30... Re8 (30... e4 $19 {Threatens to win with ...Qd8.} 31. Bf1 Bxf1 32. Rxf1 Rc2 33. Rxc2 Qxc2+ 34. Rf2 Qd3 35. Qxd3 exd3) 31. Qg5 (31. a3 $17) 31... e4 $19 {[%emt 0:08:06][%cal Oc5c3] aiming for ...Rc3!} 32. Qf6 (32. Bd4 {keeps fighting.} Ra5 33. Red1) 32... Bxg3+ 33. Kh1 {[%emt 0:00:02] Threatening mate with Qh8+.} Rc3 $1 {[%emt 0:00:09] Chess con chili.} 34. Red1 {[%emt 0:01:06] [#]} Bd3 35. d6 $17 Bxd6 {[%emt 0:00:36][%mdl 8192] Black is more active.} 36. Rxd3 $2 ({White has to play} 36. Bxc3 $18 bxc3 37. Rxd3) 36... Be5 $2 {[%emt 0:01:15] [#]} (36... Rxd3 $11 {and Black has nothing to worry.} 37. Rxd3 Be5 38. Bxe5 Qxe5 39. Qxe5 Rxe5) 37. Bxc3 $4 Bxf6 $19 38. Bxf6 exd3 {[%emt 0:00:25] Weighted Error Value: White=0.74/Black=0.53} 0-1

[Event "74th PGNiG TERMIKA POL-ch Women 2022"]
[Site "Kruszwica"]
[Date "2022.05.10"]
[Round "2.4"]
[White "Kulon, Klaudia"]
[Black "Kiolbasa, Oliwia"]
[Result "1/2-1/2"]
[ECO "C45"]
[WhiteElo "2305"]
[BlackElo "2375"]
[Annotator "TA"]
[PlyCount "76"]
[EventDate "2022.05.09"]
[EventType "tourn"]
[EventCountry "POL"]
[SourceTitle "playchess.com"]
[Source "ChessBase"]
[SourceQuality "1"]
[TimeControl "40/5400+30:1800+30"]

1. e4 e5 2. Nf3 Nc6 3. d4 exd4 4. Nxd4 Bc5 5. Nb3 Bb6 6. Nc3 Nf6 7. Bg5 h6 8. Bh4 d6 {[%emt 0:03:08] C45: Scotch Game.} 9. Bb5 Bd7 10. Qe2 g5 {[%emt 0:10:06] White is slightly better.} 11. Bg3 Qe7 12. O-O-O O-O-O 13. a4 {[%emt 0:00:19][%cal Oe4e5,Ba2a4,Ba4a5][%mdl 32] [#]} Rhe8 $146 ({Predecessor:} 13... a5 14. Rhe1 Rhe8 15. f3 Nb4 16. Bf2 Bxf2 17. Qxf2 b6 18. Nxa5 Qe5 19. Nc4 Qc5 20. Qxc5 dxc5 21. Bxd7+ Rxd7 {1-0 (34) Predke,A (2595)-Mikaelyan,A (2486) Batumi 2018}) 14. Bxc6 Bxc6 (14... bxc6 $2 15. a5 Kb7 16. axb6 $18) 15. a5 Bc5 16. Nxc5 dxc5 17. f3 Qe6 18. Bf2 Nd7 19. g4 Kb8 (19... b6 {is interesting.} 20. h4 Ne5 21. hxg5 hxg5 22. Bg3 Rd4) 20. h4 b6 21. hxg5 (21. Bg3 {looks sharper.} Nf8 22. hxg5 hxg5 23. Qa6) 21... hxg5 22. Be3 f6 23. Rh6 {[%emt 0:01:49] Hoping for Bxg5.} Qf7 24. Rf1 Rh8 25. Qh2 Rxh6 26. Qxh6 Ne5 27. Kb1 Kb7 28. Bc1 $1 Ng6 {[%emt 0:01:12] And now ...Rh8 would win.} 29. Qh2 Qc4 30. Qf2 Ne5 $36 {[%emt 0:01:20][%mdl 2048] Black is more active.} 31. Nd1 (31. f4 $11 {remains equal.} gxf4 32. Qxf4) 31... Qb5 32. Ne3 Qxa5 33. Rh1 (33. Rd1 $17 Rxd1 34. Nxd1) 33... Qb4 34. Rh6 Rd6 35. Nf5 (35. Rh1 $17) 35... Rd1 $19 36. Ne3 Rd6 37. Nf5 $1 Rd1 {[%emt 0:03:08] ( -> ...Nc4)} 38. Ne3 {[%emt 0:00:14] [#]} Rd6 $2 {Weighted Error Value: White=0.20 (precise) /Black=0.35} (38... Nd3 $1 $19 39. cxd3 Bb5 40. Nxd1 Bxd3+ 41. Qc2 Qb3) 1/2-1/2

[Event "74th PGNiG TERMIKA POL-ch Women 2022"]
[Site "Kruszwica"]
[Date "2022.05.10"]
[Round "2.5"]
[White "Socko, Monika"]
[Black "Majdan, Joanna"]
[Result "0-1"]
[ECO "A43"]
[WhiteElo "2384"]
[BlackElo "2325"]
[Annotator "TA"]
[PlyCount "72"]
[EventDate "2022.05.09"]
[EventType "tourn"]
[EventCountry "POL"]
[SourceTitle "playchess.com"]
[Source "ChessBase"]
[SourceQuality "1"]
[TimeControl "40/5400+30:1800+30"]

1. d4 c5 2. e3 Nf6 3. Nf3 g6 4. Bd3 Bg7 5. O-O O-O 6. a3 {[%emt 0:06:26] A48: 1 d4 Nf6 2 Nf3 g6: Torre, London and Colle Systems.} b6 {[%emt 0:05:45] [#]} 7. c4 $146 ({Predecessor:} 7. b4 cxd4 8. exd4 Bb7 9. Bb2 d6 10. Nbd2 Nbd7 11. Re1 Re8 12. c4 Nf8 13. d5 e5 14. dxe6 Nxe6 {0-1 (40) Kiseleva,A (1962)-Odegov,A (2286) Chess.com INT 2022}) 7... Bb7 (7... cxd4 $11 8. exd4 d5) 8. d5 $14 {[%emt 0:01:46] White is slightly better.} d6 9. Nc3 e6 10. e4 Na6 11. Bg5 h6 12. Bd2 e5 (12... Nc7 $14) 13. Ne1 Ne8 14. f4 exf4 15. Bxf4 ({But not} 15. Rxf4 Nf6 $14) 15... Nb8 16. Nf3 Nd7 17. Qd2 Kh7 18. Rae1 Qe7 {[%emt 0:02:49] Against e5} 19. b4 cxb4 (19... Ne5 $142) 20. axb4 $16 Ne5 21. Nb5 a6 22. Nbd4 Rc8 23. Rc1 Nf6 24. Bxe5 dxe5 25. Nb3 Nd7 {[%emt 0:03:10] Prevents c5.} 26. c5 bxc5 27. bxc5 Nxc5 28. Qb4 a5 $1 29. Nxa5 {[%emt 0:06:06][%mdl 8192] [#] White does not recover from this.} (29. Qa3 $1 $11 {and White is okay.} Rfd8 30. Nxc5) 29... Bxd5 $1 $19 {[%emt 0:03:33][%cal Oe7a7][%mdl 512] aiming for ...Qa7!} 30. Bb1 {[%emt 0:20:55] [#]} (30. Nc4 Bxc4) 30... Qa7 $1 31. Kh1 {[%emt 0:00:04] [#]} Nxe4 32. Bxe4 Rxc1 33. Rxc1 Bxe4 34. Nxe5 $2 {[%emt 0:00:18] [#]} (34. Qxe4 Qxa5 35. Ng1) 34... Bxe5 $1 {[%emt 0:01:37] A strong pair of Bishops.} 35. Qxf8 {[%emt 0:00:21] [#]} (35. Qxe4 Qxa5) 35... Qf2 36. Rg1 Qf4 {[%emt 0:00:30] Weighted Error Value: White=0.55/Black=0.09 (flawless)} 0-1

[Event "74th PGNiG TERMIKA POL-ch Women 2022"]
[Site "Kruszwica"]
[Date "2022.05.11"]
[Round "3.1"]
[White "Kiolbasa, Oliwia"]
[Black "Socko, Monika"]
[Result "1/2-1/2"]
[ECO "B12"]
[WhiteElo "2375"]
[BlackElo "2384"]
[Annotator "TA"]
[PlyCount "67"]
[EventDate "2022.05.09"]
[EventType "tourn"]
[EventCountry "POL"]
[SourceTitle "playchess.com"]
[Source "ChessBase"]
[SourceQuality "1"]
[TimeControl "40/5400+30:1800+30"]

1. e4 c6 2. d4 d5 3. e5 c5 4. dxc5 Nc6 5. Nf3 Bg4 6. Nbd2 {[%emt 0:04:23][%cal Ob2b4] B12: Caro-Kann: Advance Variation.} e6 7. h3 Bh5 8. Nb3 {[%emt 0:11:20] Black has an edge.} Bxc5 ({Much less strong is} 8... Bxf3 9. Qxf3 Nxe5 10. Bb5+ Nc6 11. O-O $14) 9. Bd3 (9. Nxc5 $15 Qa5+ 10. c3 Qxc5 11. Be3 Bxf3 12. gxf3 (12. Bxc5 Bxd1 13. Rxd1 Nxe5 $11) (12. Qxf3 Qa5 $11)) 9... Bb6 (9... Bxf3 $17 10. gxf3 {[#]} Nxe5 $1 11. Nxc5 (11. Bb5+ Kf8 $17) 11... Qa5+ 12. c3 Qxc5) 10. Bf4 ({White should try} 10. g4 $1 $11 Bg6 11. Bxg6 fxg6 12. a4) 10... Nge7 $15 {[%emt 0:01:31] [#]} 11. Bh2 $146 ({Predecessor:} 11. Qe2 Ng6 12. Bh2 Bxf3 13. gxf3 Qg5 14. Rg1 Qh5 15. f4 Qxe2+ 16. Kxe2 O-O 17. c3 {0-1 (65) Deegens,V (2323)-Tiggelman,R (2200) Vlissingen 2003}) 11... Bxf3 12. Qxf3 Ng6 13. Bxg6 hxg6 14. O-O Qg5 15. Rfe1 O-O 16. Re2 Qf5 17. Qxf5 gxf5 18. c3 Rfd8 19. Rd1 a5 20. a4 d4 21. cxd4 Rd5 22. Red2 Rad8 23. Bf4 {[%emt 0:00:55] The position is equal.} Nxd4 24. Nxd4 Bxd4 25. b3 Kf8 26. Kf1 R8d7 27. Rd3 Ke8 28. Ke2 Kd8 29. Bg5+ Kc7 30. f4 Kc6 31. Bh4 b6 32. Be1 Rd8 33. Bh4 R8d7 34. Be1 {[%emt 0:00:04] Weighted Error Value: White=0.10 (very precise) /Black=0.11 (very precise)} 1/2-1/2

[Event "74th PGNiG TERMIKA POL-ch Women 2022"]
[Site "Kruszwica"]
[Date "2022.05.11"]
[Round "3.2"]
[White "Majdan, Joanna"]
[Black "Cyfka, Karina"]
[Result "1/2-1/2"]
[ECO "C48"]
[WhiteElo "2325"]
[BlackElo "2404"]
[Annotator "TA"]
[PlyCount "77"]
[EventDate "2022.05.09"]
[EventType "tourn"]
[EventCountry "POL"]
[SourceTitle "playchess.com"]
[Source "ChessBase"]
[SourceQuality "1"]
[TimeControl "40/5400+30:1800+30"]

1. e4 e5 2. Nf3 Nc6 3. Nc3 Nf6 4. Bb5 Nd4 5. Bc4 Bc5 6. d3 d6 (6... O-O {seems wilder.} 7. Nxe5 d6 8. Nxf7 Rxf7 9. Bxf7+ Kxf7 10. Bg5 Ne6) 7. Na4 {[%emt 0:02:21] C48: Four Knights: 4 Bb5, replies other than 4...Bb4.} b5 8. Nxd4 bxc4 9. Nf5 Bxf5 10. exf5 cxd3 11. Nxc5 dxc5 12. cxd3 Qd5 13. O-O O-O 14. Bg5 {[%emt 0:02:31] [#]} Nd7 $146 ({Predecessor:} 14... Rad8 15. Qa4 Qxd3 16. Qxa7 Qxf5 17. Bxf6 Qxf6 18. Qxc5 Rd2 19. b4 Rfd8 20. a4 e4 {1-0 (37) Willow,J (2302)-Miller,D (2164) Stevenage 2019}) 15. Qg4 {[%emt 0:15:42] [#] Strongly threatening Bh6.} f6 (15... Rfb8 $11) 16. Be3 Rfb8 17. b3 Rb4 {[%emt 0:02:16] Prevents Qe4.} (17... Qxd3 $2 18. Rfd1 h5 19. Qf3 $18) 18. Qf3 Qxf3 19. gxf3 a5 20. Rac1 a4 21. Bxc5 (21. bxa4 {with more complications.} Raxa4 22. Bxc5 Nxc5 23. Rxc5 Rf4 24. Rxc7 Rxf5 25. Kh1) 21... Nxc5 22. Rxc5 axb3 23. axb3 Rxb3 24. Rxc7 Rxd3 $11 {[%emt 0:00:27][%mdl 4096] Endgame KRR-KRR} 25. Rb1 Kh8 26. Rbc1 {[%emt 0:08:36] [#]} (26. Ra7 $11 Rg8 27. f4) 26... h6 (26... h5 $1 $17 27. Kg2 Ra2) 27. f4 exf4 28. Rc8+ $1 Rxc8 29. Rxc8+ $15 {[%emt 0:00:05] KR-KR} Kh7 {[%emt 0:00:02] Hoping for ...Rd5.} 30. Rc4 f3 31. h3 h5 32. Kh2 Kh6 33. h4 Rd5 34. Rf4 $1 g5 35. fxg6 $1 {[%emt 0:00:25] The position is equal.} Kxg6 36. Kg3 Rd3 37. Ra4 Rd1 38. Kxf3 Rd3+ 39. Ke4 {Weighted Error Value: White=0.06 (flawless) /Black=0.06 (flawless)} 1/2-1/2

[Event "74th PGNiG TERMIKA POL-ch Women 2022"]
[Site "Kruszwica"]
[Date "2022.05.11"]
[Round "3.3"]
[White "Antolak, Julia"]
[Black "Malicka, Maria"]
[Result "1/2-1/2"]
[ECO "C92"]
[WhiteElo "2371"]
[BlackElo "2377"]
[Annotator "TA"]
[PlyCount "30"]
[EventDate "2022.05.09"]
[EventType "tourn"]
[EventCountry "POL"]
[SourceTitle "playchess.com"]
[Source "ChessBase"]
[SourceQuality "1"]
[TimeControl "40/5400+30:1800+30"]

1. e4 e5 2. Nf3 Nc6 3. Bb5 a6 4. Ba4 Nf6 5. O-O Be7 6. Re1 b5 7. Bb3 d6 8. c3 O-O 9. h3 Bb7 10. d4 Re8 11. Ng5 Rf8 12. Nf3 Re8 13. Ng5 Rf8 14. Nf3 Re8 {[%emt 0:00:05] [#] 14...h6 is a critical line.} 15. Ng5 $146 ({Predecessor:} 15. Nbd2 Bf8 16. a4 exd4 17. cxd4 h6 18. Bc2 Nb4 19. Bb1 c5 20. d5 Nd7 21. Ra3 c4 22. Nd4 Qf6 23. N2f3 Nc5 24. b3 Nbd3 25. Bxd3 Nxd3 26. Re3 b4 27. Ra1 Ne5 28. Nxe5 dxe5 29. Nf5 c3 30. Rf3 Qd8 31. Nxh6+ gxh6 32. Rg3+ Kh7 33. Qg4 {1-0 (31) So,W (2772)-Le,Q (2709) chess24.com INT 2021}) 15... Rf8 1/2-1/2

[Event "74th PGNiG TERMIKA POL-ch Women 2022"]
[Site "Kruszwica"]
[Date "2022.05.11"]
[Round "3.4"]
[White "Zawadzka, Jolanta"]
[Black "Rudzinska, Michalina"]
[Result "0-1"]
[ECO "B15"]
[WhiteElo "2409"]
[BlackElo "2236"]
[Annotator "TA"]
[PlyCount "120"]
[EventDate "2022.05.09"]
[EventType "tourn"]
[EventCountry "POL"]
[SourceTitle "playchess.com"]
[Source "ChessBase"]
[SourceQuality "1"]
[TimeControl "40/5400+30:1800+30"]

1. e4 c6 2. d4 d5 3. Nd2 dxe4 4. Nxe4 Nf6 5. Nxf6+ exf6 6. c3 Bd6 7. Bd3 O-O 8. Qc2 Re8+ 9. Be3 {[%emt 0:00:46] [#]} Bf4 $146 {[%emt 0:00:24] B15: Caro-Kann: 3 Nc3: 3...g6 and 3...dxe4 4 Nxe4 Nf6 5 Nxf6+ exf6.} ({Predecessor:} 9... h5 10. Ne2 Nd7 11. O-O h4 12. h3 Nf8 13. Rfe1 Be6 14. Bf4 Rc8 15. Rad1 Qc7 16. Bxd6 Qxd6 17. c4 {½-½ (34) Anand,V (2751)-Asadli,V (2579) Baku 2021}) 10. Bxh7+ Kf8 11. Bd3 Bxe3 {[%emt 0:01:05] The position is equal.} 12. fxe3 Rxe3+ 13. Kf2 Re7 14. Nf3 Bg4 15. Be4 Qd6 16. Rae1 Kg8 17. Bh7+ Kf8 18. Rxe7 Qxe7 19. Re1 Qd7 20. Nh4 {[%emt 0:11:38][%cal Oh4g6] Threatens to win with Ng6+!} Na6 21. Qb3 {[%emt 0:20:56][%cal Oh4g6] Intending Ng6+! and mate.} g5 $1 22. Nf3 Bxf3 23. Kxf3 Kg7 $36 {[%emt 0:00:39][%mdl 2048] Black has good play.} 24. Bd3 {[%emt 0:01:49] [#]} (24. Bc2 $11) 24... Nc5 $1 $17 25. Qc2 (25. Qd1 Qd6) 25... Nxd3 26. Qxd3 {[%emt 0:00:04][%cal Oh2h4][%mdl 4096] Endgame KQR-KQR} Rh8 27. h3 Qd5+ 28. Kg3 Qxa2 29. c4 {[%emt 0:01:33] This move loses the game for White.} (29. Re2 $17) 29... Rh4 30. b3 (30. Re2 $142) 30... Rf4 {[%emt 0:06:12] ...Qf2+ is the strong threat.} 31. Qe3 {[%emt 0:03:52] Prevents Qf2+.} Qa5 {[%emt 0:01:09] Strongly threatening ...Qc7.} 32. Kh2 {[%emt 0:00:40] [#]} Rxd4 $3 33. Qxd4 Qxe1 34. Qxa7 {[%emt 0:00:04] KQ-KQ} Qb4 {[%emt 0:01:23] Black is more active.} 35. Qe3 Qd6+ 36. g3 (36. Kg1 $17 {keeps fighting.}) 36... Kg6 37. Kg2 Qe5 38. Qd3+ f5 39. Kf3 {[%emt 0:01:00] Prevents Qe4+.} (39. Kf2 $142) 39... c5 40. Qb1 $2 (40. Kf2) 40... Qc3+ $19 41. Kg2 Qd2+ 42. Kf3 Qh2 43. b4 Qxh3 {[%emt 0:03:28] Hoping for ...Qg4+.} 44. bxc5 g4+ 45. Kf4 Qh6+ 46. Ke5 Qe3+ 47. Kd5 Qxg3 48. Qb6+ f6 49. Ke6 Qf3 50. Qd6 Qe4+ 51. Kd7 Qxc4 52. Kc8 Qe4 {[%emt 0:06:54] And now ...f4 would win.} 53. Qf8 Qd5 54. Qd6 Qc6+ 55. Kb8 Kg5 56. Qe7 f4 {[%emt 0:01:04][%cal Bf5f4,Bf4f3][%mdl 32] ( -> ...f3)} 57. Qg7+ Kh4 {[%emt 0:00:08] Black mates.} 58. Qh7+ Kg3 59. Qd3+ f3 60. Qe3 Kg2 {[%emt 0:00:19] Weighted Error Value: White=0.56/Black=0.24 (precise)} 0-1

[Event "74th PGNiG TERMIKA POL-ch Women 2022"]
[Site "Kruszwica"]
[Date "2022.05.11"]
[Round "3.5"]
[White "Kubicka, Anna"]
[Black "Kulon, Klaudia"]
[Result "0-1"]
[ECO "A88"]
[WhiteElo "2245"]
[BlackElo "2305"]
[Annotator "TA"]
[PlyCount "80"]
[EventDate "2022.05.09"]
[EventType "tourn"]
[EventCountry "POL"]
[SourceTitle "playchess.com"]
[Source "ChessBase"]
[SourceQuality "1"]
[TimeControl "40/5400+30:1800+30"]

1. d4 f5 2. g3 Nf6 3. Bg2 d6 4. Nf3 g6 5. O-O Bg7 6. c4 c6 7. Nc3 O-O 8. Re1 a5 {[%emt 0:10:18][%cal Oe7e5] A88: Dutch Defence: Leningrad System: 5 Nf3 0-0 6 0-0 d6 7 Nc3 c6.} 9. Qc2 Na6 10. a3 Nc7 {[%emt 0:01:30] White has an edge.} 11. e4 fxe4 12. Nxe4 Bf5 13. Nh4 {[%emt 0:07:06] [#]} Bxe4 $146 ({Predecessor:} 13... e6 14. Nxf5 exf5 15. Nc3 Re8 16. Rxe8+ Qxe8 17. Bd2 Qd7 18. Na4 Qd8 19. Re1 Nce8 {0-1 (57) Perez Garcia,M (1176)-Slavin,P (1159) LSS email 2015}) 14. Bxe4 Nxe4 15. Qxe4 e6 16. Qg4 e5 17. Be3 Qc8 18. Qxc8 Raxc8 19. dxe5 dxe5 20. Rad1 Ne6 21. Bb6 a4 22. f4 c5 {[%emt 0:00:51] And now ...Rc6 would win.} 23. fxe5 g5 24. Ng2 Nd4 {[%emt 0:00:26] [#] ...Nf3+ is the strong threat.} 25. Kh1 Nf3 26. Re2 Bxe5 27. Ne1 Bd4 {[%emt 0:02:57] Black is more active.} 28. Nd3 (28. Ba5 $15) 28... Rc6 $36 {[%emt 0:11:07][%mdl 2048] Black is in control.} 29. Ba5 Rd6 (29... Rh6 $17) 30. Kg2 $15 Bg7 {[%emt 0:10:33][%cal Of3e5] White must now prevent ...Ne5!} 31. Nf2 Nd4 {[%emt 0:01:35] Strongly threatening ...Ra6.} 32. Re4 h5 33. h3 (33. Bc3 $11) 33... Nf5 $17 34. Rde1 (34. Bc3 $17 {was necessary.}) 34... Bxb2 $19 35. Rb1 {[%emt 0:00:24] [#]} (35. R4e2 $142 Bd4 36. Ne4) 35... Bd4 $1 {[%emt 0:00:26] Threatens to win with ...Ne3+.} ({Weaker is} 35... Bxa3 36. Rxb7 Rdf6 37. Re2) 36. Re2 (36. Nd1 {was the crucial defense.}) 36... Ne3+ {[%emt 0:00:13] Black is clearly winning.} 37. Kh2 Nxc4 38. Be1 b6 39. Ra2 Bxf2 40. Bxf2 Nd2 {[%emt 0:00:00] Weighted Error Value: White=0.38/Black=0.08 (flawless)} 0-1

[Event "74th PGNiG TERMIKA POL-ch Women 2022"]
[Site "Kruszwica"]
[Date "2022.05.12"]
[Round "4.1"]
[White "Kubicka, Anna"]
[Black "Zawadzka, Jolanta"]
[Result "1/2-1/2"]
[ECO "A05"]
[WhiteElo "2245"]
[BlackElo "2409"]
[Annotator "TA"]
[PlyCount "110"]
[EventDate "2022.05.09"]
[EventType "tourn"]
[EventCountry "POL"]
[SourceTitle "playchess.com"]
[Source "ChessBase"]
[SourceQuality "1"]
[TimeControl "40/5400+30:1800+30"]

1. Nf3 Nf6 2. g3 d5 3. Bg2 e6 4. O-O Be7 5. d4 O-O 6. c4 c6 7. Qc2 b6 8. b3 Nbd7 9. Rd1 Ba6 10. Nbd2 b5 {[%emt 0:05:29] 10...c5 is the modern continuation. E09: Closed Catalan: Main Line: 7 Qc2 c6 8 Nbd2.} (10... c5 $11) 11. e4 (11. c5 $1 $14) 11... bxc4 ({Black should try} 11... dxc4 $1 $11 12. bxc4 bxc4) 12. e5 $14 {[%emt 0:06:51] [#]} Ne4 $146 {[%emt 0:06:57] White is better.} ({Predecessor:} 12... Ne8 13. bxc4 Qa5 14. Bb2 Nb6 15. Bf1 Qa4 16. Rac1 Nc7 17. cxd5 Ncxd5 18. a3 Bxf1 19. Kxf1 {1-0 (37) Jurek,J (2329)-Ten Berge,H (2133) Biel 2000}) 13. Nxe4 dxe4 14. Qxe4 Rc8 (14... c3 $142) 15. Qg4 $1 $16 {[%emt 0:03:38] White is more active.} Kh8 16. Bg5 (16. Ng5 $1 $16) 16... Nb6 (16... cxb3 $14 17. axb3 (17. Bxe7 Qxe7 18. axb3 Be2 $14) 17... Be2) 17. Bf1 h6 18. Bxe7 Qxe7 {[%emt 0:00:03] [#]} 19. Nd2 $1 c5 {[%emt 0:01:27] [#]} 20. Nxc4 (20. bxc4 cxd4 21. Qxd4 Rfd8 $14) (20. Ne4 $1 $16) 20... Nxc4 21. Bxc4 (21. bxc4 {keeps more tension.} Bb7 22. Rab1 Ba8 23. Bg2) 21... Bxc4 22. bxc4 cxd4 23. Rxd4 Rc5 24. Qe4 Qc7 25. f4 Qa5 26. Qc2 g6 27. Rad1 Kg7 28. Kg2 Rfc8 29. Kh3 Qa6 30. Rc1 R8c6 31. Qe2 Ra5 32. Rc2 Rac5 33. Qd3 Rc8 34. Rd6 Qa4 35. Qb3 Qa5 36. Rd7 Qe1 37. Qd3 {[%emt 0:00:21] Inhibits Qf1+.} ({But not} 37. Rxa7 Rxc4 38. Qb7 (38. Rxc4 Qf1+ 39. Kg4 Qe2+ 40. Kh3 Rxc4 $17) (38. Qxc4 $2 Rxc4 39. Rxc4 Qf1+ 40. Kg4 Qxc4 $19) 38... Qf1+ 39. Rg2 Rxf4 40. Qxc8 (40. gxf4 Rc3+ 41. Kg4 Qd1+) 40... Qf3 41. Rxf7+ Rxf7 $17) 37... a5 38. Rb2 {[%emt 0:01:30] Hoping for Rbb7.} R5c7 {[%emt 0:00:45] Strongly threatening ...Rxd7.} 39. Rxc7 {[%emt 0:03:38] The position is equal.} Rxc7 $11 {[%emt 0:00:04][%mdl 4096] Endgame KQR-KQR} 40. Kg2 Qc1 41. Rc2 Qb1 42. Qe2 Rc5 43. Qf2 Qb7+ 44. Qf3 Qb1 45. Qb3 Qe1 46. Qd3 Qb1 47. Qe2 Qb7+ 48. Kh3 Qb1 49. Rc3 Qg1 50. Qg2 Qd4 51. Qc2 Qg1 52. Qc1 Qf2 53. Qc2 Qg1 54. Rf3 Qd4 55. Rc3 Qg1 {Weighted Error Value: White=0.08 (flawless) /Black=0.10 (very precise)} 1/2-1/2

[Event "74th PGNiG TERMIKA POL-ch Women 2022"]
[Site "Kruszwica"]
[Date "2022.05.12"]
[Round "4.2"]
[White "Rudzinska, Michalina"]
[Black "Antolak, Julia"]
[Result "0-1"]
[ECO "C24"]
[WhiteElo "2236"]
[BlackElo "2371"]
[Annotator "TA"]
[PlyCount "80"]
[EventDate "2022.05.09"]
[EventType "tourn"]
[EventCountry "POL"]
[SourceTitle "playchess.com"]
[Source "ChessBase"]
[SourceQuality "1"]
[TimeControl "40/5400+30:1800+30"]

1. e4 e5 2. Bc4 Nf6 3. d3 c6 4. Nf3 d5 5. Bb3 Bd6 6. Nc3 h6 {[%emt 0:04:59] 6...d4 is the modern continuation. C24: Bishop's Opening: 2...Nf6.} 7. exd5 (7. O-O {looks sharper.} d4 8. Ne2 O-O 9. Ng3) 7... cxd5 8. Bxd5 ({Avoid the trap} 8. Nxd5 $2 Nxd5 9. O-O Nf6 10. Nxe5 Bxe5 $19) 8... Nxd5 {[%emt 0:02:12] The position is equal.} 9. Nxd5 {[%emt 0:00:09] [#]} O-O $146 ({Predecessor:} 9... Be6 10. Nc3 Nc6 11. O-O O-O 12. Re1 Rc8 13. h3 Bb8 14. a3 f5 15. Bf4 Qf6 {½-½ (30) Fortunato,L (2152)-Cipka,I (2246) LSS email 2011}) 10. O-O Nc6 11. h3 f5 12. Nc3 Qf6 {[%emt 0:05:13][%mdl 1024] Black has compensation.} 13. Nh2 (13. b3 {is more complex.} Be6 14. Nb5 e4 15. dxe4 fxe4 16. Qxd6 exf3 17. Bb2) 13... b6 14. Ne2 Bb7 15. f4 (15. Be3 $142) 15... Rae8 {[%emt 0:06:20] Black is more active.} 16. c3 Kh7 17. fxe5 Nxe5 18. b3 $2 {[%emt 0:12:34][%mdl 8192] Now White is beyond hope.} (18. Bf4 $17 {is tougher.}) 18... Ng6 {[%emt 0:07:30] [#] Strongly threatening ...Nh4.} ({But not} 18... Qg6 $2 19. Nf4 Qg3 20. Rf2 $19) 19. d4 $2 (19. Rf2 Nh4 20. Qf1) 19... Nh4 $19 {[%emt 0:04:01] And now ...Qg6 would win.} 20. Rf2 Qg6 21. d5 Bc5 {[%emt 0:01:43][%csl Gh4,LRf2,LRg2][%cal Rg6g2] This bishop pair is nice.} 22. Nd4 Bxd5 23. Qf1 Nxg2 24. Rxg2 Bxg2 25. Qxg2 Bxd4+ 26. cxd4 Re1+ 27. Nf1 Qxg2+ 28. Kxg2 Rc8 {[%emt 0:00:03] Black is clearly winning.} 29. Bb2 Re2+ 30. Kf3 Rxb2 {[%emt 0:00:05][%mdl 4096] Endgame KRR-KRN} 31. Ne3 g6 {[%emt 0:00:56] Hoping for ...Rc3.} 32. Rd1 Rd8 33. d5 Rxa2 34. d6 b5 35. Kf4 Kg7 36. Ke5 Kf7 {[%emt 0:00:04] aiming for ...Re2.} 37. Rc1 Re2 38. Rc7+ Kf8 39. Kf4 Rxd6 40. Rxa7 Rd3 {[%emt 0:00:00][%csl LRb3,LRe3] Weighted Error Value: White=0.71/Black=0.25 (precise)} 0-1